 Dungeon Crawl Stone Soup version 0.23.2-40-g277498a001 (webtiles) character file.

Game seed: 4518844694439679753

11 Descartes the Skirmisher (level 2, -1/24 HPs)
             Began as a Formicid Abyssal Knight on Oct 11, 2019.
             Was an Initiate of Lugonu.
             Slain by a gnoll
             ... wielding a cursed -2 club
              (3 damage)
             ... on level 1 of the Dungeon.
             The game lasted 00:01:03 (930 turns).

Descartes the Skirmisher (Formicid Abyssal Knight)   Turns: 930, Time: 00:01:04

Health: -1/24      AC:  3    Str: 16    XL:     2   Next: 35%
Magic:  3/3        EV: 11    Int: 11    God:    Lugonu [......]
Gold:   53         SH:  0    Dex: 10    Spells: 1/1 levels left

rFire    + . .     SeeInvis +   a - +1 hand axe
rCold    + . .     Gourm    .   (no shield)
rNeg     . . .     Faith    .   b - +0 leather armour
rPois    .         Spirit   .   (helmet unavailable)
rElec    .         Reflect  .   h - scarf {rC+ rF+}
rCorr    .         Harm     .   (no gloves)
MR       .....                  (no boots)
Stlth    +.........             (no amulet)
HPRegen  0.08/turn              (no ring)
MPRegen  0.08/turn              (no ring)

@: no status effects
A: permanent stasis, dig shafts and tunnels, four strong arms, antennae 3
a: Dig, Shaft Self, Renounce Religion


You were on level 1 of the Dungeon.
You worshipped Lugonu.
Lugonu was noncommittal.
You were not hungry.

You visited 1 branch of the dungeon, and saw 1 of its levels.
You visited the Abyss 1 time.

You collected 53 gold pieces.

Inventory:

Hand Weapons
 a - a +1 hand axe (weapon)
Missiles
 e - 18 arrows
 i - 28 stones (quivered)
Armour
 b - a +0 leather armour (worn)
 h - a scarf of resistance (worn)
Scrolls
 g - 2 scrolls of teleportation {unknown}
 k - 2 scrolls of identify {unknown}
Potions
 d - a potion of ambrosia {unknown}
 f - a potion of mutation {unknown}
Comestibles
 c - 3 rations


   Skills:
 + Level 3.5 Fighting
 + Level 2.2 Axes
 + Level 2.2 Armour
 + Level 1.1 Dodging
 + Level 2.4 Invocations


You had one spell level left.
You didn't know any spells.
Your spell library was empty.

Dungeon Overview and Level Annotations

Branches:
Dungeon (1/15)

Altars:
Dithmenos


Innate Abilities, Weirdness & Mutations

You cannot be hasted, slowed, berserked, paralysed or teleported.
You can dig through walls and to a lower floor.
Your four strong arms can wield two-handed weapons with a shield.
You have a pair of large antennae on your head. (SInv)


Message History

You barely miss the bat. You closely miss the bat. The bat hits you.
The bat closely misses you.
The gnoll hits you with a cursed -2 club.
* * * LOW HITPOINT WARNING * * *
You hit the gnoll but do no damage.
The gnoll is almost dead.
You hit the frilled lizard.
You kill the frilled lizard!
Lugonu accepts your kill. The bat closely misses you.
The bat hits you but does no damage. The bat closely misses you.
The gnoll misses you. The bat hits you but does no damage.
You hit the gnoll but do no damage.
The gnoll is almost dead.
You closely miss the bat. The bat hits you but does no damage.
The bat hits you.
* * * LOW HITPOINT WARNING * * *
The bat hits you but does no damage.
The gnoll hits you with a cursed -2 club.
You die...

#. #.#.......######
###.##.#.##.#.......#
......#....#.#####.#
#....######.....#.#
#.......# #####.#.. #
#.......# #.###
#..###b......#######.#
#.................##.#
.###g@.....####.##.#
#....b......# #.##.###
##...#......# #.##....
#...###......#
#.###### ... ########
#....... .. ######## #


You could see a gnoll and 2 bats.

Vanquished Creatures
  4 goblins (D:1)
  A hobgoblin (D:1)
  A kobold (D:1)
  2 bats (D:1)
  2 frilled lizards (D:1)
10 creatures vanquished.

Notes
Turn   | Place    | Note
-------+----------+-------------------------------------------
     0 | Abyss:1  | Descartes the Formicid Abyssal Knight began the quest for
                  | the Orb.
     0 | Abyss:1  | Reached XP level 1. HP: 18/18 MP: 2/2
    51 | Abyss:1  | Noticed a ynoxinul
    54 | Abyss:1  | Noticed a large abomination
    66 | D:1      | Escaped the Abyss
   452 | D:1      | Reached skill level 1 in Dodging
   495 | D:1      | Found a shadowy altar of Dithmenos.
   501 | D:1      | Reached XP level 2. HP: 19/24 MP: 3/3
   930 | D:1      | Slain by a gnoll

Skill      XL: |  1 |
---------------+----+-----
Dodging        | 1 |  1.1
Fighting       | |  3.5
Axes           | |  2.2
Armour         | |  2.2
Invocations    | |  2.4

Action                   || total
-------------------------++-------
Melee: Hand axe          ||    45
Invok: Depart the Abyss  ||     1
Armor: Leather armour    ||    22
Dodge: Dodged            ||    46
